 Dungeon Crawl Stone Soup version 0.23.2-40-g277498a001 (webtiles) character file.

Game seed: 3323841597030137686

51 DildoBatman the Magician (level 4, -2/30 HPs)
             Began as a Formicid Wizard on Oct 4, 2019.
             Slain by a leopard gecko (5 damage)
             ... on level 2 of the Dungeon.
             The game lasted 00:04:08 (1540 turns).

DildoBatman the Magician (Formicid Wizard)          Turns: 1540, Time: 00:04:09

Health: -2/30      AC:  2    Str: 11    XL:     4   Next: 5%
Magic:  0/8        EV: 12    Int: 24    God:
Gold:   9          SH:  0    Dex:  9    Spells: 2/9 levels left

rFire    . . .     SeeInvis +   d - +0 club
rCold    . . .     Gourm    .   (no shield)
rNeg     . . .     Faith    .   a - +0 robe
rPois    .         Spirit   .   (helmet unavailable)
rElec    .         Reflect  .   (no cloak)
rCorr    .         Harm     .   (no gloves)
MR       .....                  (no boots)
Stlth    ++........             (no amulet)
HPRegen  0.10/turn              (no ring)
MPRegen  0.11/turn              (no ring)

@: brilliant, lethally poisoned (-2 -> -3), very slightly contaminated
A: permanent stasis, dig shafts and tunnels, four strong arms, antennae 3
a: Dig, Shaft Self


You were on level 2 of the Dungeon.
You were not hungry.

You visited 1 branch of the dungeon, and saw 2 of its levels.

You collected 9 gold pieces.

Inventory:

Hand Weapons
 d - a +0 club (weapon)
Missiles
 h - 19 stones (quivered)
Armour
 a - a +0 robe (worn)
Scrolls
 g - a scroll of identify {unknown}
Comestibles
 c - 5 chunks of flesh
 v - 3 rations


   Skills:
 - Level 1.7 Dodging
 - Level 2.4 Stealth
 - Level 3.2 Spellcasting
 * Level 3.2 Conjurations
   Level 1.0 Summonings
   Level 0.8 Translocations


You had 2 spell levels left.
You knew the following spells:

 Your Spells              Type           Power        Failure   Level  Hunger
a - Conjure Flame         Conj/Fire      ####....     1%          3    ###....
c - Magic Dart            Conj           ####         1%          1    None
e - Mephitic Cloud        Conj/Pois/Air  ###.....     2%          3    ###....

Your spell library contained the following spells:

 Spells                   Type           Power        Failure   Level  Hunger
 Call Imp                 Summ           ###.....     1%          2    ##.....
 Slow                     Hex            ###.....     1%          2    ##.....
 Blink                    Tloc           Unusable     N/A         2    N/A

Dungeon Overview and Level Annotations

Branches:
Dungeon (2/15)

Altars:


Innate Abilities, Weirdness & Mutations

You cannot be hasted, slowed, berserked, paralysed or teleported.
You can dig through walls and to a lower floor.
Your four strong arms can wield two-handed weapons with a shield.
You have a pair of large antennae on your head. (SInv)


Message History

The adder bites you.
Casting: Magic Dart (safe; 1% risk of failure)
Confirm with . or Enter, or press ? or * to list all spells.
Aiming: Magic Dart (safe; 1% risk of failure)
Press: ? - help, Shift-Dir - straight line, f/p - adder
Aim: an adder (heavily wounded)
The magic dart hits the adder.
You kill the adder!
You have reached level 4!
You feel clever.
You feel sick. The leopard gecko closely misses you.
You miss the leopard gecko. The leopard gecko bites you.
You hit the leopard gecko but do no damage.
The leopard gecko bites you. x2
You hit the leopard gecko but do no damage.
You feel sick. The leopard gecko bites you.
You die...

..#...............#
..................#
.......$..........#
............<.....#
...#.............##
. ##.....#.....##
########b#### ##l##
##@# ###


You could see a leopard gecko and a bat.

Vanquished Creatures
  2 adders
  An ooze (D:1)
  2 dart slugs (D:1)
  2 giant cockroaches (D:1)
  3 goblins (D:1)
  4 hobgoblins (D:1)
  3 jackals (D:1)
  3 bats
  A frilled lizard (D:1)
  2 kobolds (D:1)
  A rat (D:1)
24 creatures vanquished.

Notes
Turn   | Place    | Note
-------+----------+-------------------------------------------
     0 | D:1      | DildoBatman the Formicid Wizard began the quest for the
                  | Orb.
     0 | D:1      | Reached XP level 1. HP: 13/13 MP: 4/4
    60 | D:1      | Reached skill level 1 in Conjurations
   503 | D:1      | Reached XP level 2. HP: 14/19 MP: 0/6
   992 | D:1      | Reached XP level 3. HP: 24/24 MP: 1/7
   997 | D:1      | Learned a level 3 spell: Conjure Flame
  1001 | D:1      | Learned a level 3 spell: Mephitic Cloud
  1537 | D:2      | Reached XP level 4. HP: 9/30 MP: 0/8
  1540 | D:2      | Slain by a leopard gecko

Skill      XL: |  1  2  3 |
---------------+----------+-----
Conjurations   | 1 2 3 |  3.2
Dodging        | |  1.7
Stealth        | |  2.4
Spellcasting   | |  3.2
Summonings     | |  1.0
Translocations | |  0.8

Action                   |  1- 3 |  4- 6 || total
-------------------------+-------+-------++-------
Melee: Club              |    18 |     3 ||    21
 Cast: Magic Dart        |    72 |     1 ||    73
 Abil: Dig               |     2 |       ||     2
  Use: Potion            |     4 |       ||     4
  Eat: Chunk             |     2 |       ||     2
Armor: Robe              |    11 |       ||    11
Dodge: Dodged            |    41 |     1 ||    42
